 Dungeon Crawl Stone Soup version 0.30-a0-883-g5ad918d77d (webtiles) character file.

Game seed: 1394424698328687784

135 holysushi the Slasher (level 5, -6/36 HPs)
             Began as an Octopode Monk on Mar 17, 2023.
             Mangled by a gnoll
             ... wielding a +0 spear
              (8 damage)
             ... on level 3 of the Dungeon.
             The game lasted 00:01:43 (1657 turns).

holysushi the Slasher (Octopode Monk)               Turns: 1657, Time: 00:01:44

Health: -6/36      AC:  1    Str: 10    XL:     5   Next: 18%
Magic:  5/5        EV: 14    Int: 13    God:
Gold:   176        SH:  0    Dex: 16    Spells: 4/4 levels left

rFire   . . .      SeeInvis .    a - +0 falchion
rCold   . . .      Faith    .    (no shield)
rNeg    . . .      Spirit   .    (helmet restricted)
rPois   .          Reflect  .    (no amulet)
rElec   .          Rampage  .    (no ring)
rCorr   .                        (no ring)
Will    .....                    (no ring)
Stlth   +++                      (no ring)
HPRegen 0.26/turn                (no ring)
MPRegen 0.09/turn                (no ring)
                                 (no ring)
                                 (no ring)

@: mighty, lethally poisoned (-6 -> -7)
A: almost no armour, amphibious, 8 rings, camouflage 1, gelatinous body 1,
(nimble swimmer 1), tentacles
a: no special abilities


You were on level 3 of the Dungeon.
You visited 1 branch of the dungeon, and saw 3 of its levels.

You collected 176 gold pieces.

Inventory:

Hand Weapons
 a - a +0 falchion (weapon)
Jewellery
 n - a ring of positive energy
Scrolls
 h - 2 scrolls of teleportation
 i - a scroll of summoning {unknown}
 j - a scroll of vulnerability {unknown}
 k - a scroll of silence {unknown}
 l - 2 scrolls of identify
 o - a scroll of magic mapping {unknown}
Potions
 b - a potion of ambrosia
 d - a potion of attraction {unknown}
 e - 4 potions of curing {unknown}
 f - a potion of magic {unknown}
 g - 2 potions of haste {unknown}
 m - 2 potions of flight {unknown}


   Skills:
 - Level 3.0 Fighting
 + Level 5.7 Long Blades
 + Level 3.0 Dodging
 - Level 2.6 Stealth


You had 4 spell levels left.
You didn't know any spells.
Your spell library contained the following spells:

 Spells                   Type           Power      Damage    Failure   Level
 Magic Dart               Conj           0%         1d3       30%         1
 Call Imp                 Summ           0%         N/A       43%         2
 Mephitic Cloud           Conj/Pois/Air  0%         N/A       67%         3


Dungeon Overview and Level Annotations

Branches:
Dungeon (3/15) Zot: 16335

Altars:


Innate Abilities, Weirdness & Mutations

You cannot wear most types of armour.
You are amphibious.
You can wear up to eight rings at the same time.
Your skin changes colour to match your surroundings (Stealth+).
Your rubbery body absorbs attacks. (AC +1, EV +1)
((You are camouflaged when in or above water. (Stealth+)))
You have tentacles for arms and can constrict up to eight enemies at once.


Message History

Found 15 gold pieces.
The goblin unwields a +2 dagger of venom.
It stops dripping with poison.
The goblin wields a +0 sling.
The goblin shoots a sling bullet.
The sling bullet completely misses you.
You hear a shout! x2
A gnoll comes into view. It is wielding a +0 spear.
The goblin shoots a sling bullet.
The sling bullet closely misses you.
You hear a shout!
A kobold, a frilled lizard and a gnoll come into view.
The goblin shoots a sling bullet.
The sling bullet closely misses you.
The frilled lizard hisses angrily.
The goblin unwields a +0 sling.
The goblin wields a +2 dagger of venom.
It begins to drip with poison!
The goblin completely misses you.
You hit the gnoll. You grab the gnoll.
The gnoll is heavily wounded.
You constrict the gnoll, but do no damage.
The gnoll barely misses you. The gnoll hits you with a +0 whip.
The goblin hits you with a +2 dagger of venom.
You are poisoned.
You release your grip on the gnoll.
The goblin attacks as you move away! The goblin closely misses you.
You feel very sick. The gnoll attacks as you move away!
The gnoll hits you with a +0 whip!
You feel sick.
The goblin unwields a +2 dagger of venom.
It stops dripping with poison.
The goblin wields a +0 sling.
The goblin shoots a sling bullet.
The sling bullet closely misses you.
You feel sick.
The kobold throws a stone.
The stone hits you.
You feel sick.
You feel very mighty all of a sudden.
You feel sick. The gnoll barely misses you.
You closely miss the gnoll. Your grab misses the gnoll.
The gnoll is heavily wounded.
You feel sick. The gnoll hits you with a +0 whip!
* * * LOW HITPOINT WARNING * * *
You slash the gnoll!
You kill the gnoll!
You feel sick.
The gnoll hits you from afar with a +0 spear!
You die...

# # #### # ..#### #
#....########## ####
#.)..#......... ...#
##### #....#.........
.#.# #...#
#.............. ##.#
#...###...)ggK.......
#..#
#.#...#....@#..........
#.##
#.#.....#.†.##..l......
#.#
#.#....#######.gK..$...
#.# #.#....# #.g.......
#.# #.#...## #.........
#.# #.#....# ##########
#.# #.#.#..## #.#
#...#...### #.##
##..#.#...#


You could see a gnoll, a goblin and a kobold.

Vanquished Creatures
  A phantom (D:3)
  A gnoll (D:3)
  An adder (D:2)
  A worm (D:2)
  5 orcs (D:3)
  8 ball pythons
  4 endoplasms
  2 giant cockroaches
  4 goblins (D:2)
  6 hobgoblins
  4 kobolds (D:2)
  3 bats
  A frilled lizard (D:3)
  4 rats
  A spectral goblin (D:2)
46 creatures vanquished.

Notes
Turn   | Place    | Note
-------+----------+-------------------------------------------
     0 | D:1      | holysushi the Octopode Monk began the quest for the Orb.
     0 | D:1      | Reached XP level 1. HP: 16/16 MP: 1/1
   217 | D:1      | Reached XP level 2. HP: 19/21 MP: 2/2
   674 | D:2      | Reached skill level 4 in Long Blades
   678 | D:2      | Reached XP level 3. HP: 10/26 MP: 3/3
   905 | D:2      | Found a faded altar of an unknown god.
  1270 | D:3      | Noticed a phantom
  1281 | D:3      | Killed a phantom
  1282 | D:3      | Reached skill level 5 in Long Blades
  1282 | D:3      | Reached XP level 4. HP: 15/31 MP: 4/4
  1282 | D:3      | Reached XP level 5. HP: 17/36 MP: 5/5
  1657 | D:3      | Mangled by a gnoll

Illustrated notes

Levels and vault maps discovered:
D:1:      amcnicky_arrival_feature_with_door, layout_basic,
          minmay_tiny_reverse_x
D:2:      layout_loops_ring, dreamdust_ecumenical_altar_drowned_temple,
          corexii_leaking_fountain
D:3:      layout_rooms

Skill      XL: |  1  2  3 |
---------------+----------+-----
Long Blades    | 4 5 |  5.7
Fighting       | |  3.0
Dodging        | |  3.0
Stealth        | |  2.6

Action                     |  1- 3 |  4- 6 || total
---------------------------+-------+-------++-------
  Melee: Falchion          |    63 |    25 ||    88
         Constrict         |    15 |     7 ||    22
         Tentacles         |    10 |     4 ||    14
    Use: Scroll            |     3 |       ||     3
         Potion            |       |     1 ||     1
   Stab: Sleeping          |     6 |     3 ||     9
 Armour: Skin              |     2 |     1 ||     3
  Dodge: Dodged            |    36 |    20 ||    56

Table legend: (Time is in decaauts)
 A = Elapsed time spent in this place.
 B = Non-inter-level travel time spent in this place.
 C = Inter-level travel time spent in this place.
 D = Time resting spent in this place.
 E = Time spent auto-exploring this place.
 F = Levels seen in this place.
 G = Mean time per level.
                   A        B        C        D        E       F      G
               +--------+--------+--------+--------+--------+-----+--------+
         Total |   1663 |   1624 |     39 |    133 |   1173 |   3 |  554.3 |
       Dungeon |   1663 |   1624 |     39 |    133 |   1173 |   3 |  554.3 |
               +--------+--------+--------+--------+--------+-----+--------+

Top non-repeatable levels by time:
     D:2: 637 daAuts
     D:1: 537 daAuts
     D:3: 488 daAuts
